 Dungeon Crawl Stone Soup version 0.28-a0-1382-g92835e5c71 (webtiles) character file.

Game seed: 2737678210504221711

3753 Gargoyl the Fighter (level 10, -13/81 HPs)
             Began as a Gnoll Abyssal Knight on Jan 1, 2022.
             Was an Elder of Lugonu.
             Mangled by crabbyslav's ghost (15 damage)
             ... on level 7 of the Dungeon.
             The game lasted 00:11:44 (10338 turns).

Gargoyl the Fighter (Gnoll Abyssal Knight)         Turns: 10338, Time: 00:11:44

Health: -13/81     AC: 22    Str: 16    XL:     10   Next: 15%
Magic:  0/17       EV: 10    Int: 16    God:    Lugonu [****..]
Gold:   335        SH:  0    Dex: 12    Spells: 19/19 levels left

rFire   . . .      SeeInvis +   v - +2 quarterstaff "Worm" {freeze, Drain rElec rCorr Int+5}
rCold   . . .      Faith    .   (shield currently unavailable)
rNeg    . . .      Spirit   +   c - +4 plate armour
rPois   .          Reflect  .   o - +0 helmet
rElec   +          Harm     .   k - +0 cloak
rCorr   +          Rampage  .   A - +0 pair of gloves
Will    .....                   u - +0 pair of boots
Stlth   ..........              e - amulet of guardian spirit
HPRegen 0.23/turn               b - ring of see invisible
MPRegen 0.15/turn               h - +4 ring of evasion

@: no status effects
A: fangs 1, strong nose, distributed training
a: Renounce Religion, Depart the Abyss, Bend Space, Banish, Corrupt


You were on level 7 of the Dungeon.
You worshipped Lugonu.
Lugonu was greatly pleased with you.
You visited 1 branch of the dungeon, and saw 7 of its levels.
You visited the Abyss 1 time.

You collected 335 gold pieces.

Inventory:

Hand Weapons
 a - a +2 hand axe
 f - a +3 mace of holy wrath
 v - the +2 quarterstaff "Worm" (weapon) {freeze, Drain rElec rCorr Int+5}
   (You found it on level 6 of the Dungeon)

   It freezes those it strikes, dealing additional cold damage.
   It can also slow down cold-blooded creatures.
   Int:       It affects your intelligence (+5).
   rElec:     It insulates you from electricity.
   rCorr:     It protects you from acid and corrosion.
   Drain:     It drains your maximum health when unequipped.
Missiles
 s - 6 curare-tipped darts (quivered)
Armour
 c - a +4 plate armour (worn)
 k - a +0 cloak (worn)
 o - a +0 helmet (worn)
 u - a +0 pair of boots (worn)
 A - a +0 pair of gloves (worn)
Jewellery
 b - a ring of see invisible (left hand)
 e - an amulet of guardian spirit (around neck)
 h - a +4 ring of evasion (right hand)
 q - an amulet of regeneration
 w - a ring of willpower
Wands
 i - a wand of iceblast (21)
 j - a wand of flame (29)
 x - a wand of digging (4)
Scrolls
 d - 2 scrolls of blinking
 t - 2 scrolls of torment {unknown}
 y - a scroll of identify
Potions
 g - 3 potions of heal wounds
 l - a potion of berserk rage {unknown}
 m - 2 potions of attraction
 n - a potion of invisibility
 p - 2 potions of curing
 r - a potion of brilliance {unknown}
 z - a potion of degeneration {unknown}


   Skills:
 + Level 8.3 Fighting
 + Level 5.0 Short Blades
 + Level 5.0 Long Blades
 + Level 6.8 Axes
 + Level 5.0 Maces & Flails
 + Level 5.0 Polearms
 + Level 5.0 Staves
 + Level 5.0 Slings
 + Level 5.0 Bows
 + Level 5.0 Crossbows
 + Level 5.0 Throwing
 + Level 6.8 Armour
 + Level 5.7 Dodging
 + Level 5.0 Stealth
 + Level 5.0 Shields
 + Level 5.0 Unarmed Combat
 + Level 5.0 Spellcasting
 + Level 4.1 Conjurations
 + Level 4.1 Hexes
 + Level 4.1 Summonings
 + Level 4.1 Necromancy
 + Level 4.1 Translocations
 + Level 4.1 Transmutations
 + Level 4.1 Fire Magic
 + Level 4.1 Ice Magic
 + Level 4.1 Air Magic
 + Level 4.1 Earth Magic
 + Level 4.1 Poison Magic
 + Level 7.2 Invocations
 + Level 5.0 Evocations


You had 19 spell levels left.
You didn't know any spells.
Your spell library contained the following spells:

 Spells                   Type           Power      Damage    Failure   Level
 Sting                    Tmut/Pois      68%        1d6       77%         1
 Poisonous Vapours        Pois/Air       34%        N/A       88%         2
 Call Canine Familiar     Summ           17%        N/A       98%         3
 Conjure Flame            Conj/Fire      17%        6-21      98%         3
 Gell's Gravitas          Tloc           17%        N/A       98%         3
 Ignite Poison            Fire/Tmut/Pois 17%        N/A       98%         3
 Ozocubu's Armour         Ice            17%        N/A       98%         3
 Portal Projectile        Hex/Tloc       34%        N/A       98%         3
 Teleport Other           Tloc           17%        N/A       98%         3
 Leda's Liquefaction      Hex/Erth       8%         N/A       100%        4
 Olgreb's Toxic Radiance  Pois           17%        N/A       100%        4
 Sticky Flame             Conj/Fire      17%        2d4       100%        4
 Metabolic Englaciation   Hex/Ice        8%         N/A       100%        5
 Dispersal                Tloc           8%         N/A       100%        6
 Simulacrum               Ice/Necr       8%         N/A       100%        6


Dungeon Overview and Level Annotations

Branches:
Dungeon (7/15)             Temple (0/1) D:6

Altars:
Ashenzari
Wu Jian

Shops:
D:6 :

Annotations:
D:7 Lekart's ghost, amateur DrCK; crabbyslav's ghost, novice OgCA


Innate Abilities, Weirdness & Mutations

You have very sharp teeth.
Your uncanny sense of smell can sniff out nearby items.
Your experience applies equally to all skills.


Message History

You open the gate.
Lekart's ghost whispers, "Trust me.
Just give in."
Crabbyslav's ghost whispers, "There is no future for you."
There is an open door here.
You closely miss crabbyslav's ghost.
Crabbyslav's ghost hits you but does no damage.
You sock crabbyslav's ghost! You freeze crabbyslav's ghost.
Crabbyslav's ghost is lightly damaged.
Crabbyslav's ghost closely misses you.
You thump crabbyslav's ghost! You freeze crabbyslav's ghost.
Crabbyslav's ghost is moderately damaged.
Crabbyslav's ghost hits you!!
You sock crabbyslav's ghost! You freeze crabbyslav's ghost.
Crabbyslav's ghost is heavily damaged.
Crabbyslav's ghost hits you!
You hit crabbyslav's ghost. You freeze crabbyslav's ghost.
Crabbyslav's ghost is heavily damaged.
Crabbyslav's ghost misses you.
You sock crabbyslav's ghost! You freeze crabbyslav's ghost.
Crabbyslav's ghost is heavily damaged.
Crabbyslav's ghost hits you!!
* * * LOW HITPOINT WARNING * * *
You barely miss crabbyslav's ghost.
Crabbyslav's ghost is heavily damaged.
Crabbyslav's ghost hits you!
* * * LOW HITPOINT WARNING * * *
Unknown command.
You feel much better. Crabbyslav's ghost closely misses you.
You sock crabbyslav's ghost! You freeze crabbyslav's ghost.
Crabbyslav's ghost is severely damaged.
Crabbyslav's ghost hits you!
You sock crabbyslav's ghost! You freeze crabbyslav's ghost.
Crabbyslav's ghost is severely damaged.
Crabbyslav's ghost hits you but does no damage.
Crabbyslav's ghost hits you!!
* * * LOW HITPOINT WARNING * * *
You thump crabbyslav's ghost! You freeze crabbyslav's ghost.
Crabbyslav's ghost is almost destroyed.
Crabbyslav's ghost hits you!
You die...

.............#..................#
######.#######..................#
# #.# #............).....# # #.#
#................>.# # #.#
#..................#
#.#######........(.........#
#.........#W####...........#
##############.#W# ##########'##
...........# #.#@# #......#
##########.# #.#.# #.######
......(.##.# #.#.# #.#
#######....###.#.# #.#
######.........#.# #.#
.......#######.#.# #.#
################.# #.#
.................# #.#
################## #.#


You could see Lekart's ghost and crabbyslav's ghost.

Vanquished Creatures
  Pikel (D:5)
  Grinder (D:3)
  Eustachio (D:5)
  3 yaks
  Edmund (D:5)
  Duvessa (D:5)
  A hornet zombie (D:5)
  3 necrophages
  2 ice beasts (D:7)
  3 ogres
  3 centaurs
  A kobold brigand (D:7)
  A bullfrog (D:7)
  6 scorpions
  Dowan (D:5)
  A howler monkey (D:4)
  A centaur zombie (D:5)
  A hound (D:6)
  4 orc priests
  Crazy Yiuf (D:2)
  2 bullfrog skeletons
  3 centaur skeletons
  2 jellies (D:7)
  Ijyb (D:4)
  2 iguanas (D:5)
  3 orc wizards
  Robin (D:3)
  4 adders
  A howler monkey skeleton (D:5)
  An ufetubus (D:5)
  An adder skeleton (D:4)
  5 worms
  A dart slug (D:1)
  31 orcs
  6 endoplasms
  4 giant cockroaches
  17 goblins
  13 hobgoblins
  2 jackals (D:2)
  11 kobolds
  4 quokkas
  6 ball pythons
  6 bats
  4 frilled lizards
  3 rats (D:1)
171 creatures vanquished.

Notes
Turn   | Place    | Note
-------+----------+-------------------------------------------
     0 | Abyss:1  | Gargoyl the Gnoll Abyssal Knight began the quest for the
                  | Orb.
     0 | Abyss:1  | Reached XP level 1. HP: 23/23 MP: 3/3
    99 | Abyss:3  | Found a corrupted altar of Lugonu.
   126 | Abyss:3  | Noticed a large abomination
   153 | Abyss:3  | Noticed a flying skull
   156 | D:1      | Escaped the Abyss
   418 | D:1      | Reached XP level 2. HP: 29/29 MP: 5/5
   525 | D:1      | Reached * piety under Lugonu
   645 | D:1      | Reached XP level 3. HP: 32/35 MP: 4/6
  1107 | D:2      | Identified the -1 pair of gloves "Fasminic" {Fly}
  1366 | D:2      | Reached skill level 1 in Short Blades
  1366 | D:2      | Reached skill level 1 in Long Blades
  1366 | D:2      | Reached skill level 1 in Maces & Flails
  1366 | D:2      | Reached skill level 1 in Polearms
  1366 | D:2      | Reached skill level 1 in Staves
  1366 | D:2      | Reached skill level 1 in Slings
  1366 | D:2      | Reached skill level 1 in Bows
  1366 | D:2      | Reached skill level 1 in Crossbows
  1366 | D:2      | Reached skill level 1 in Throwing
  1366 | D:2      | Reached skill level 1 in Stealth
  1366 | D:2      | Reached skill level 1 in Shields
  1366 | D:2      | Reached skill level 1 in Unarmed Combat
  1366 | D:2      | Reached skill level 1 in Spellcasting
  1366 | D:2      | Reached skill level 1 in Evocations
  1541 | D:2      | Found a runed translucent door.
  1542 | D:2      | Noticed Crazy Yiuf
  1664 | D:2      | Reached XP level 4. HP: 41/41 MP: 7/7
  2011 | D:2      | Killed Crazy Yiuf
  2012 | D:2      | Reached skill level 1 in Conjurations
  2012 | D:2      | Reached skill level 1 in Hexes
  2012 | D:2      | Reached skill level 1 in Summonings
  2012 | D:2      | Reached skill level 1 in Necromancy
  2012 | D:2      | Reached skill level 1 in Translocations
  2012 | D:2      | Reached skill level 1 in Transmutations
  2012 | D:2      | Reached skill level 1 in Fire Magic
  2012 | D:2      | Reached skill level 1 in Ice Magic
  2012 | D:2      | Reached skill level 1 in Air Magic
  2012 | D:2      | Reached skill level 1 in Earth Magic
  2012 | D:2      | Reached skill level 1 in Poison Magic
  2285 | D:3      | Reached XP level 5. HP: 42/47 MP: 8/8
  2291 | D:3      | Reached ** piety under Lugonu
  2299 | D:3      | Noticed Robin
  2309 | D:3      | Noticed Grinder
  2310 | D:3      | Killed Robin
  2313 | D:3      | Noticed Ijyb
  2553 | D:4      | Killed Ijyb
  2627 | D:3      | Killed Grinder
  2628 | D:3      | Reached skill level 5 in Axes
  2628 | D:3      | Reached skill level 5 in Armour
  2628 | D:3      | Reached skill level 5 in Invocations
  2628 | D:3      | Reached XP level 6. HP: 20/53 MP: 4/9
  3880 | D:4      | Reached XP level 7. HP: 42/59 MP: 8/10
  4235 | D:4      | Reached skill level 7 in Fighting
  4417 | D:4      | Reached *** piety under Lugonu
  5332 | D:5      | Entered Level 5 of the Dungeon
  5456 | D:5      | Noticed Duvessa
  5459 | D:5      | Noticed Dowan
  5925 | D:5      | Found an ornate altar of the Wu Jian Council.
  5995 | D:5      | Reached XP level 8. HP: 58/67 MP: 10/12
  6520 | D:5      | Noticed Edmund
  6552 | D:5      | HP: 2/67 [Edmund (7)]
  6556 | D:5      | Noticed Pikel
  6563 | D:5      | Killed Edmund
  6744 | D:5      | Killed Pikel
  6745 | D:5      | Reached XP level 9. HP: 27/73 MP: 6/14
  7358 | D:4      | Reached skill level 5 in Dodging
  7548 | D:5      | Noticed Eustachio
  7599 | D:5      | Killed Eustachio
  7805 | D:5      | Killed Dowan
  7806 | D:5      | Reached skill level 8 in Fighting
  7823 | D:5      | Killed Duvessa
  8175 | D:6      | Found Dyilaen's Book Emporium.
  8216 | D:6      | Found a broken altar of Ashenzari.
  8336 | D:6      | Found a staircase to the Ecumenical Temple.
  9096 | D:6      | Reached **** piety under Lugonu
  9125 | D:6      | Identified the +2 quarterstaff "Worm" {freeze, Drain rElec
                  | rCorr Int+5}
  9459 | D:7      | Reached XP level 10. HP: 57/80 MP: 11/17
  9908 | D:7      | Found a runed translucent gate.
  9908 | D:7      | Found a runed translucent gate.
  9908 | D:7      | Found a runed translucent gate.
  9913 | D:7      | Noticed crabbyslav's ghost (novice OgCA)
  9913 | D:7      | Noticed Lekart's ghost (amateur DrCK)
 10038 | D:7      | Reached skill level 5 in Short Blades
 10038 | D:7      | Reached skill level 5 in Long Blades
 10038 | D:7      | Reached skill level 5 in Maces & Flails
 10038 | D:7      | Reached skill level 5 in Polearms
 10038 | D:7      | Reached skill level 5 in Staves
 10038 | D:7      | Reached skill level 5 in Slings
 10038 | D:7      | Reached skill level 5 in Bows
 10038 | D:7      | Reached skill level 5 in Crossbows
 10038 | D:7      | Reached skill level 5 in Throwing
 10038 | D:7      | Reached skill level 5 in Stealth
 10038 | D:7      | Reached skill level 5 in Shields
 10038 | D:7      | Reached skill level 5 in Unarmed Combat
 10038 | D:7      | Reached skill level 5 in Spellcasting
 10038 | D:7      | Reached skill level 5 in Evocations
 10337 | D:7      | HP: 2/81 [crabbyslav's ghost (28)]
 10338 | D:7      | Mangled by crabbyslav's ghost

Illustrated notes

Levels and vault maps discovered:
D:1:      shiori_arrival_oz, layout_basic
D:2:      layout_loops_ring, uniq_crazy_yiuf_cottage
D:3:      layout_basic, uniq_ijyb, uniq_robin, uniq_grinder
D:4:      layout_loops_ring, grunt_ministairs_12, supply_closet_lemuel
D:5:      minmay_angry_zag, layout_loops_ring, pdpol_wu_jian_five_deadly_venoms,
          minmay_diced_spiral, uniq_eustachio, uniq_duvessa, uniq_edmund,
          uniq_pikel
D:6:      layout_loops_ring, nicolae_ashenzari_panopticon,
          minmay_temple_entry_offerings, serial_shops, shop_statue
D:7:      layout_basic, gammafunk_ghost_cemetery, serial_glass, glass_columns_b,
          glass_columns_a

Skill      XL: |  1  2  3  4  5  6  7  8  9 10 |
---------------+-------------------------------+-----
Short Blades   | 1 2 3 4 5 |  5.0
Long Blades    | 1 2 3 4 5 |  5.0
Maces & Flails | 1 2 3 4 5 |  5.0
Polearms       | 1 2 3 4 5 |  5.0
Staves         | 1 2 3 4 5 |  5.0
Slings         | 1 2 3 4 5 |  5.0
Bows           | 1 2 3 4 5 |  5.0
Crossbows      | 1 2 3 4 5 |  5.0
Throwing       | 1 2 3 4 5 |  5.0
Stealth        | 1 2 3 4 5 |  5.0
Shields        | 1 2 3 4 5 |  5.0
Unarmed Combat | 1 2 3 4 5 |  5.0
Spellcasting   | 1 2 3 4 5 |  5.0
Evocations     | 1 2 3 4 5 |  5.0
Conjurations   | 1 2 3 4 |  4.1
Hexes          | 1 2 3 4 |  4.1
Summonings     | 1 2 3 4 |  4.1
Necromancy     | 1 2 3 4 |  4.1
Translocations | 1 2 3 4 |  4.1
Transmutations | 1 2 3 4 |  4.1
Fire Magic     | 1 2 3 4 |  4.1
Ice Magic      | 1 2 3 4 |  4.1
Air Magic      | 1 2 3 4 |  4.1
Earth Magic    | 1 2 3 4 |  4.1
Poison Magic   | 1 2 3 4 |  4.1
Dodging        | 3 4 5 |  5.7
Axes           | 5 6 |  6.8
Armour         | 5 6 |  6.8
Invocations    | 5 6 7 |  7.2
Fighting       | 7 8 |  8.3

Action                   |  1- 3 |  4- 6 |  7- 9 | 10-12 || total
-------------------------+-------+-------+-------+-------++-------
Melee: Hand axe          |   114 |   184 |   548 |       ||   846
       Bite              |    11 |    13 |    78 |     3 ||   105
       Punch             |       |       |     9 |       ||     9
       Quarterstaff      |       |       |    23 |    54 ||    77
Invok: Depart the Abyss  |     1 |       |       |       ||     1
Evoke: Wand              |       |     1 |       |       ||     1
  Use: Scroll            |     4 |     2 |     2 |       ||     8
       Potion            |       |       |    11 |     1 ||    12
 Stab: Invisible         |       |       |     2 |       ||     2
Armor: Plate armour      |    86 |   101 |   411 |    34 ||   632
Dodge: Dodged            |    27 |    68 |   286 |    34 ||   415

Table legend: (Time is in decaauts)
 A = Elapsed time spent in this place.
 B = Non-inter-level travel time spent in this place.
 C = Inter-level travel time spent in this place.
 D = Time resting spent in this place.
 E = Time spent auto-exploring this place.
 F = Levels seen in this place.
 G = Mean time per level.
                   A        B        C        D        E       F      G
               +--------+--------+--------+--------+--------+-----+--------+
         Total |  10352 |   9919 |    433 |    671 |   7231 |  10 | 1035.2 |
       Dungeon |  10197 |   9764 |    433 |    671 |   7161 |   7 | 1456.7 |
         Abyss |    155 |    155 |      0 |      0 |     70 |   3 |   51.7 |
               +--------+--------+--------+--------+--------+-----+--------+

Top non-repeatable levels by time:
     D:4: 2374 daAuts
     D:5: 2072 daAuts
     D:3: 1417 daAuts
     D:2: 1188 daAuts
     D:6: 1147 daAuts
     D:7: 1108 daAuts
     D:1: 888 daAuts
 Abyss:3: 57 daAuts
 Abyss:2: 52 daAuts
 Abyss:1: 45 daAuts
